 Dungeon Crawl Stone Soup version 0.28-a0-1412-gf95308ed99 (webtiles) character file.

Game seed: 4940338256228785574

157882 Armakuni the Devastator (level 18, -23/134 HPs)
             Began as a Human Artificer on Jan 4, 2022.
             Was a Priest of Elyvilon.
             Annihilated by an entropy weaver simulacrum (38 damage)
             ... in an ice cave on Jan 6, 2022.
             The game lasted 02:08:49 (44427 turns).

Armakuni the Devastator (Human Artificer)          Turns: 44427, Time: 02:08:49

Health: -23/134    AC: 22    Str: 16    XL:     18   Next: 33%
Magic:  5/32       EV: 14    Int: 17    God:    Elyvilon [***...]
Gold:   645        SH:  8    Dex: 15    Spells: 8/19 levels left

rFire   . . .      SeeInvis +   a - staff of conjuration
rCold   . . .      Faith    .   H - +3 buckler {reflect}
rNeg    + . .      Spirit   .   w - +2 chain mail {rPois}
rPois   +          Reflect  +   Q - +0 helmet
rElec   .          Harm     .   C - +1 cloak of Ignis's Hatred {Str+2}
rCorr   .          Rampage  .   g - +0 pair of gloves
Will    ++...                   V - +0 pair of boots "Pacroun" {rN+}
Stlth   ..........              R - amulet of regeneration
HPRegen 1.12/turn               M - ring of willpower
MPRegen 0.23/turn               E - +4 ring of evasion

@: no status effects
A: see invisible, high mp 1, MP-powered wands
a: Renounce Religion, Purification, Heal Other, Heal Self


You were in an ice cave.
You worshipped Elyvilon.
Elyvilon was most pleased with you.
You visited 7 branches of the dungeon, and saw 29 of its levels.
You also visited: Ossuary and Ice Cave.

You collected 2808 gold pieces.
You spent 2163 gold pieces at shops.

Inventory:

Hand Weapons
 i - a +4 scimitar of flaming
Missiles
 h - 2 curare-tipped darts (quivered)
Armour
 g - a +0 pair of gloves (worn)
 w - a +2 chain mail of poison resistance (worn)
 C - the +1 cloak of Ignis's Hatred (worn) {Str+2}
   (You bought it in a shop on level 2 of the Orcish Mines)

   Str:       It affects your strength (+2).
 H - a +3 buckler of reflection (worn)
 Q - a +0 helmet (worn)
 V - the +0 pair of boots "Pacroun" (worn) {rN+}
   (You bought it in a shop on level 5 of the Dungeon)

   rN:        It protects you from negative energy.
Magical Staves
 a - a staff of conjuration (weapon)
 b - a staff of poison
 e - a staff of air
Jewellery
 B - an amulet of faith
 E - a +4 ring of evasion (right hand)
 F - a ring of protection from fire
 J - a ring of ice
 K - a ring of resist corrosion
 L - a ring of flight
 M - a ring of willpower (left hand)
 R - an amulet of regeneration (around neck)
 W - the amulet "Zeicopips" {RegenMP Will++ rCorr Int+4 Dex+3}
   (You acquired it on level 2 of the Orcish Mines)

   [amulet of magic regeneration]

   It increases your rate of magic regeneration.
   Int:       It affects your intelligence (+4).
   Dex:       It affects your dexterity (+3).
   rCorr:     It protects you from acid and corrosion.
   Will:      It greatly increases your willpower.
Wands
 c - a wand of charming (2)
 k - a wand of digging (17)
Scrolls
 d - 5 scrolls of identify
 n - 4 scrolls of teleportation
 o - a scroll of amnesia
 p - a scroll of immolation
 s - 3 scrolls of silence
 v - a scroll of blinking
 y - 3 scrolls of noise
 D - a scroll of holy word
 I - a scroll of vulnerability
 P - 4 scrolls of fog
 U - 2 scrolls of magic mapping
Potions
 f - 2 potions of resistance
 j - 2 potions of ambrosia
 l - 7 potions of curing
 q - 3 potions of magic
 r - 3 potions of mutation
 u - 4 potions of might
 z - 5 potions of heal wounds
 A - 6 potions of flight
 G - 2 potions of lignification
 N - 3 potions of haste
 X - 3 potions of brilliance
Miscellaneous
 m - a phantom mirror (inert)
 t - a tin of tremorstones (1/2)
 x - a piece from Xom's chessboard (8/15)
 O - a box of beasts (inert)


   Skills:
 - Level 9.9 Fighting
 - Level 4.0(8.5) Maces & Flails
 - Level 11.7(12.0) Staves
 - Level 13.4 Armour
 - Level 8.7 Dodging
 - Level 1.0 Stealth
 - Level 4.0 Shields
 - Level 1.0 Spellcasting
 - Level 16.1 Conjurations
 - Level 4.0 Translocations
 + Level 7.0 Poison Magic
 - Level 15.0 Invocations
 - Level 10.0 Evocations


You had 8 spell levels left.
You knew the following spells:

 Your Spells              Type           Power      Damage    Failure   Level
m - Iskenderun's Mystic   Conj/Tloc      51%        2d11      36%         4
o - Orb of Destruction    Conj           35%        9d13      95%         7

Your spell library contained the following spells:

 Spells                   Type           Power      Damage    Failure   Level
 Shock                    Conj/Air       100%       1d9       9%          1
 Dazzling Flash           Conj/Hex       84%        N/A       26%         3
 Sting                    Tmut/Pois      48%        1d5       50%         1
 Poisonous Vapours        Pois/Air       24%        N/A       65%         2
 Olgreb's Toxic Radiance  Pois           24%        N/A       78%         4
 Spider Form              Tmut/Pois      12%        N/A       86%         3
 Ensorcelled Hibernation  Hex/Ice        0%         N/A       98%         2
 Passwall                 Tmut/Erth      0%         N/A       98%         2
 Passage of Golubria      Tloc           14%        N/A       99%         4
 Summon Guardian Golem    Hex/Summ       0%         N/A       100%        3
 Swiftness                Air            0%         N/A       100%        3
 Tukima's Dance           Hex            0%         N/A       100%        3
 Airstrike                Air            0%         N/A       100%        4
 Summon Forest            Summ/Tloc      3%         N/A       100%        5
 Summon Mana Viper        Hex/Summ       0%         N/A       100%        5
 Yara's Violent Unravell  Hex/Tmut       0%         3d3       100%        5
 Starburst                Conj/Fire      21%        6d7       100%        6
 Summon Cactus Giant      Summ           0%         N/A       100%        6
 Spellforged Servitor     Conj/Summ      21%        N/A       100%        7


Dungeon Overview and Level Annotations

Branches:
Dungeon (15/15)            Temple (1/1) D:4            Lair (6/6) D:8
  Swamp (0/4) Lair:4       Spider (3/4) Lair:2        Slime (1/5) Lair:5
    Orc (2/2) D:11            Elf (0/3) Orc:2        Vaults (0/5) D:13
 Depths (1/4) D:15        Ossuary (visited)           IceCv (1/1)

Altars:
Ashenzari
Cheibriados
Dithmenos
Elyvilon
Fedhas
Gozag
Hepliaklqana
Kikubaaqudgha
Makhleb
Nemelex Xobeh
Okawaru
Qazlal
Ru
Sif Muna
Trog
Uskayaw
Vehumet
Wu Jian
Xom
Yredelemnul
Zin
The Shining One
Beogh
Lugonu

Shops:
D:4 (   D:5 [   Orc:2 [*(=

Portals:
Hell: Depths:1


Innate Abilities, Weirdness & Mutations

You have supernaturally acute eyesight. (SInv)
You have an increased reservoir of magic. (+10% MP)
You expend magic power (3 MP) to strengthen your wands.


Message History

Found an ice covered gate leading back out of this place.
There is an ice choked empty arch of ancient stone here.
Aiming: Charm
Press: ? - help, Shift-Dir - straight line, f - entropy weaver simulacrum
Aim: an entropy weaver simulacrum (chance to affect: 80%)
You feel a slight surge of power.
The entropy weaver simulacrum is charmed.
You start resting.
You carefully extract the barbed spikes from your body.
You start resting.
The entropy weaver simulacrum is no longer charmed.
You block the entropy weaver simulacrum's attack.
The entropy weaver simulacrum hits you.
The entropy weaver simulacrum freezes you!
The entropy weaver simulacrum closely misses you.
You block the entropy weaver simulacrum's attack.
You barely miss the entropy weaver simulacrum.
You barely miss the entropy weaver simulacrum.
The entropy weaver simulacrum misses you.
The entropy weaver simulacrum hits you but does no damage. x2
The entropy weaver simulacrum barely misses you.
You hit the entropy weaver simulacrum but do no damage.
You blast the entropy weaver simulacrum.
The entropy weaver simulacrum is lightly damaged.
You barely miss the entropy weaver simulacrum.
The entropy weaver simulacrum is lightly damaged.
The entropy weaver simulacrum hits you.
The entropy weaver simulacrum freezes you!!
* * * LOW HITPOINT WARNING * * *
The entropy weaver simulacrum barely misses you.
You block the entropy weaver simulacrum's attack.
The entropy weaver simulacrum barely misses you.
You hit the entropy weaver simulacrum but do no damage.
You blast the entropy weaver simulacrum!
The entropy weaver simulacrum is heavily damaged.
The entropy weaver simulacrum hits you but does no damage.
The entropy weaver simulacrum hits you.
* * * LOW HITPOINT WARNING * * *
The entropy weaver simulacrum freezes you!!!
You die...

#####
##.∩.##
#..@..#
##.Z.##
##.##
#.# ...
... ###


You could see an entropy weaver simulacrum.

Vanquished Creatures
  Arachne (Spider:1)
  Rupert (D:12)
  Gastronok (D:9)
  A tengu reaver (D:14)
  2 emperor scorpions
  A ghost moth (Spider:1)
  A broodmother (Spider:1)
  A spark wasp (Spider:1)
  Azrael (D:13)
  An entropy weaver (Spider:2)
  Snorg (Lair:4)
  A jorogumo (Spider:1)
  5 boulder beetles
  3 vault guards (D:13)
  Harold (D:9)
  3 catoblepae (Lair:6)
  3 ogre magi
  8 centaur warriors
  Erica (D:9)
  10 two-headed ogres
  4 tengu warriors (D:15)
  4 orc high priests (Orc:2)
  12 death yaks
  Urug (Lair:4)
  Sonja (D:13)
  A skeletal warrior (D:14)
  A fire crab (Spider:1)
  3 steelbarb worms
  A sun moth (Spider:3)
  4 pharaoh ants (Spider:1)
  2 orb spiders
  The ghost of p0werm0de the Chopper, a novice MiCK of Xom (D:6)
  Pikel (D:4)
  4 deep elf pyromancers
  5 ugly things
  6 orc knights
  12 wolf spiders
  6 manticores
  A faun (shapeshifter) (D:14)
  A salamander (shapeshifter) (D:14)
  6 orc sorcerers
  9 elephants
  A guardian serpent (shapeshifter) (D:13)
  2 moths of wrath (Spider:1)
  13 cyclopes
  Joseph (D:9)
  6 black mambas
  Maggie (D:7)
  3 gargoyles
  4 torpor snails
  10 cane toads
  3 rime drakes
  10 komodo dragons
  4 demonic crawlers
  3 tengu conjurers
  4 yaktaurs (D:15)
  2 polar bears
  6 trolls
  3 tyrant leeches
  A merfolk (Spider:2)
  6 meliai
  15 tarantellas
  3 slime creatures (D:14)
  A polar bear (shapeshifter) (D:13)
  8 dream sheep
  15 blink frogs
  A meliai zombie (D:11)
  3 shadows
  19 jumping spiders
  3 vampires
  15 culicivoras
  3 wraiths
  Sigmund (D:2)
  A wyvern (Lair:3)
  11 basilisks
  37 redbacks
  29 yaks
  3 fire elementals (D:13)
  3 steam dragons
  9 vampire mosquitoes
  A warg (D:11)
  4 acid dragons
  Duvessa (D:6)
  34 orc warriors
  11 water moccasins
  5 hell hounds (D:13)
  A black bear (D:5)
  An ice beast (D:8)
  A sky beast (D:7)
  6 ogres
  5 boggarts (D:14)
  11 centaurs (D:12)
  A wolf (Lair:4)
  An elf zombie (Ossuary)
  A gnoll sergeant (D:8)
  7 bullfrogs
  A water moccasin zombie (D:5)
  5 earth elementals (D:12)
  2 scorpions
  Dowan (D:6)
  4 killer bees (D:11)
  5 wights (D:8)
  2 bullfrog zombies (D:5)
  6 centaur zombies
  A human zombie (Ossuary)
  A gnoll shaman (D:5)
  2 jellies
  25 orc priests
  31 orc wizards
  A scorpion zombie (D:5)
  An iguana (D:4)
  3 hound zombies (Ossuary)
  A hound skeleton (D:2)
  3 mummies (Ossuary)
  10 adders
  14 gnolls
  A white imp (D:8)
  2 adder zombies (Ossuary)
  5 worms
  68 orcs
  4 bats
  5 endoplasms
  A giant cockroach (D:3)
  7 goblins
  8 hobgoblins
  2 jackals (D:1)
  12 kobolds
  4 quokkas
  6 ball pythons
  2 frilled lizards (D:1)
  A gnoll zombie (Ossuary)
  2 goblin zombies (Ossuary)
  3 hobgoblin zombies (Ossuary)
  5 jackal zombies (Ossuary)
  6 kobold zombies (Ossuary)
  An orc zombie (Ossuary)
  7 quokka zombies (Ossuary)
  4 rats
762 creatures vanquished.

Vanquished Creatures (collateral kills)
  An orc warlord (Orc:1)
  An orc knight (D:13)
  2 ugly things
  A tarantella (Spider:1)
  A blink frog (Lair:1)
  A vampire (D:12)
  A jumping spider (Spider:1)
  3 yaks (D:9)
  An orc warrior (D:7)
  A gnoll sergeant (D:9)
  An orc priest (D:6)
  A gnoll (D:9)
  A shadow imp (D:6)
  11 orcs
  2 endoplasms (D:1)
29 creatures vanquished.

Vanquished Creatures (others)
  Kirke (Lair:4)
  A stone giant (D:15)
  Josephine (D:11)
  2 hydras (D:14)
  A steelbarb worm (Spider:1)
  A black mamba (Lair:2)
  2 komodo dragons
  A yaktaur (D:13)
  3 meliai
  5 dream sheep (Lair:4)
  2 culicivoras (Spider:1)
  5 jumping spiders (Spider:1)
  2 wraiths (D:11)
  A wyvern (Lair:4)
  A yak (Lair:1)
  5 humans
  2 redbacks (Spider:1)
  A meliai simulacrum (D:14)
  4 wolves (Lair:4)
  An earth elemental (D:12)
  2 killer bees (D:11)
  An orc wizard (D:14)
  An adder (D:2)
  A butterfly (Lair:4)
  32 fungi
  41 plants
120 creatures vanquished.

Grand Total: 911 creatures vanquished

Notes
Turn   | Place    | Note
-------+----------+-------------------------------------------
     0 | D:1      | Armakuni the Human Artificer began the quest for the Orb.
     0 | D:1      | Reached XP level 1. HP: 15/15 MP: 1/1
   293 | D:1      | Reached XP level 2. HP: 22/22 MP: 2/2
   667 | D:1      | Found a faded altar of an unknown god.
   801 | D:1      | Reached XP level 3. HP: 21/28 MP: 3/3
  1385 | D:2      | Noticed Sigmund
  1398 | D:2      | Killed Sigmund
  1399 | D:2      | Reached XP level 4. HP: 8/37 MP: 4/4
  1399 | D:2      | Reached XP level 5. HP: 9/42 MP: 5/5
  1679 | D:2      | Reached XP level 6. HP: 48/48 MP: 6/6
  2472 | D:3      | Found a sparkling altar of Nemelex Xobeh.
  2971 | D:4      | Found a staircase to the Ecumenical Temple.
  3000 | Temple   | Entered the Ecumenical Temple
  3208 | Temple   | Became a worshipper of Elyvilon the Healer
  3277 | D:4      | Noticed Pikel
  3285 | D:4      | Killed Pikel
  3286 | D:4      | Reached XP level 7. HP: 47/55 MP: 7/7
  3286 | D:4      | Reached XP level 8. HP: 52/61 MP: 8/8
  3488 | D:4      | Found a stormy altar of Qazlal.
  3890 | D:4      | Reached skill level 1 in Staves
  3963 | D:4      | Found Iveanwau's Weapon Shop.
  3972 | D:4      | Bought a +0 quarterstaff for 44 gold pieces
  4149 | D:5      | Entered Level 5 of the Dungeon
  4200 | D:5      | Found an ornate altar of the Wu Jian Council.
  4248 | D:5      | Found a bloodstained altar of Trog.
  4253 | D:5      | Found a hide-covered altar of Uskayaw.
  4253 | D:5      | Found a glowing golden altar of the Shining One.
  4360 | D:5      | Reached * piety under Elyvilon
  4384 | D:5      | Identified the +4 robe of the Orb {Will+}
  4585 | D:5      | Found Dulatt's Armour Boutique.
  5131 | D:5      | Reached skill level 5 in Evocations
  5278 | D:6      | Reached XP level 9. HP: 39/66 MP: 9/9
  5486 | D:6      | Reached ** piety under Elyvilon
  5500 | D:6      | Found a runed translucent door.
  5507 | D:6      | Noticed p0werm0de's ghost (novice MiCK)
  5546 | D:6      | Identified the +3 dagger of the Hall of Blades {flame,
                  | Fragile Dex+5}
  6032 | D:6      | Noticed Dowan
  6088 | D:6      | Noticed Duvessa
  6101 | D:6      | Killed Dowan
  6116 | D:6      | Killed Duvessa
  6117 | D:6      | Reached skill level 5 in Staves
  6532 | D:7      | Noticed Maggie
  6547 | D:7      | Gained mutation: You have supernaturally acute eyesight.
                  | (SInv) [potion of mutation]
  6547 | D:7      | Gained mutation: You expend magic power (3 MP) to
                  | strengthen your wands. [potion of mutation]
  6570 | D:7      | Killed Maggie
  6720 | D:7      | Reached *** piety under Elyvilon
  6779 | D:7      | Learned a level 1 spell: Shock
  6781 | D:7      | Found a sand-covered staircase.
  6792 | Ossuary  | Entered an ossuary
  6976 | Ossuary  | Reached skill level 1 in Invocations
  7474 | D:8      | Reached XP level 10. HP: 55/73 MP: 0/12
  7562 | D:8      | Found a staircase to the Lair.
  7725 | D:8      | Found a radiant altar of Vehumet.
  8262 | D:9      | Noticed Harold
  8269 | D:8      | Reached skill level 5 in Invocations
  8295 | D:9      | Killed Harold
  8340 | D:9      | Reached **** piety under Elyvilon
  8535 | D:9      | Found a burning altar of Makhleb.
  8572 | D:9      | Noticed Gastronok
  8733 | D:9      | Noticed Joseph
  8988 | D:9      | Killed Joseph
  9135 | D:9      | Reached XP level 11. HP: 59/78 MP: 14/14
  9265 | D:9      | Noticed Erica
  9280 | D:9      | Killed Erica
  9281 | D:9      | Reached skill level 10 in Staves
  9919 | D:9      | Killed Gastronok
 10614 | D:10     | Entered Level 10 of the Dungeon
 10620 | D:10     | Found a broken altar of Ashenzari.
 10654 | D:10     | Noticed a white ugly thing
 10657 | D:10     | Found a hazy altar of Hepliaklqana.
 10943 | D:10     | Found a shimmering altar of Xom.
 11315 | D:11     | Identified a scroll of acquirement
 11315 | D:11     | Acquired a manual of Invocations
 11437 | D:11     | Noticed a two-headed ogre
 11441 | D:11     | Killed a two-headed ogre
 11445 | D:11     | Found a staircase to the Orcish Mines.
 11911 | D:11     | Noticed a cyclops
 11922 | D:11     | Killed a cyclops
 11994 | D:11     | Noticed a two-headed ogre
 12006 | D:11     | Killed a two-headed ogre
 12274 | D:11     | Noticed a manticore
 12285 | D:11     | Pacified a manticore
 12286 | D:11     | Noticed Josephine
 12291 | D:11     | Killed Josephine
 12309 | D:11     | Reached XP level 12. HP: 84/84 MP: 10/18
 12787 | D:11     | Reached skill level 10 in Invocations
 13546 | D:12     | Noticed a centaur warrior
 13554 | D:12     | Killed a centaur warrior
 13734 | D:12     | Noticed Rupert
 13811 | Lair:1   | Entered Level 1 of the Lair of Beasts
 14712 | Lair:1   | Reached skill level 15 in Invocations
 14816 | Lair:1   | Reached skill level 5 in Fighting
 14858 | Lair:1   | Reached skill level 10 in Evocations
 15079 | Lair:1   | Reached skill level 5 in Armour
 15089 | Lair:1   | Reached XP level 13. HP: 79/93 MP: 24/24
 15525 | Lair:1   | Learned a level 4 spell: Iskenderun's Mystic Blast
 15525 | Lair:1   | Upgraded the game from 0.28-a0-1395-g4f6bc678fa to
                  | 0.28-a0-1404-g4df0f3684d
 15743 | Lair:1   | Noticed a six-headed hydra
 15744 | Lair:1   | Pacified a six-headed hydra
 15745 | Lair:1   | Reached skill level 1 in Spellcasting
 15745 | Lair:1   | Reached skill level 1 in Conjurations
 15745 | Lair:1   | Reached skill level 1 in Translocations
 15927 | Lair:2   | Noticed a seven-headed hydra
 15931 | Lair:2   | Pacified a seven-headed hydra
 15932 | Lair:2   | Reached skill level 2 in Conjurations
 16045 | Lair:2   | Noticed a six-headed hydra
 16046 | Lair:2   | Pacified a six-headed hydra
 16091 | Lair:2   | Reached skill level 3 in Conjurations
 16669 | Lair:2   | Found a hole to the Spider Nest.
 17326 | Lair:3   | Noticed a six-headed hydra
 17327 | Lair:3   | Pacified a six-headed hydra
 17328 | Lair:3   | Reached skill level 4 in Conjurations
 17348 | Lair:3   | Noticed a six-headed hydra
 17351 | Lair:3   | Pacified a six-headed hydra
 17352 | Lair:3   | Reached skill level 5 in Conjurations
 18023 | Lair:3   | Reached skill level 6 in Conjurations
 18587 | Lair:2   | Reached skill level 7 in Conjurations
 19000 | Lair:4   | Noticed Kirke
 19002 | Lair:4   | Noticed an eight-headed hydra
 19004 | Lair:4   | Pacified an eight-headed hydra
 19006 | Lair:4   | Noticed a sphinx
 19007 | Lair:4   | Killed Kirke
 19097 | Lair:4   | Reached skill level 8 in Conjurations
 19269 | Lair:4   | Noticed Snorg
 19972 | Lair:4   | Noticed a six-headed hydra
 19974 | Lair:4   | Pacified a six-headed hydra
 20284 | Lair:4   | Killed Snorg
 20285 | Lair:4   | Reached skill level 9 in Conjurations
 20295 | Lair:4   | Noticed Urug
 20342 | Lair:4   | Killed Urug
 20343 | Lair:4   | Reached XP level 14. HP: 65/100 MP: 25/25
 20815 | Lair:4   | Found a staircase to the Swamp.
 21056 | Lair:5   | Reached skill level 10 in Conjurations
 21925 | Lair:5   | Reached skill level 5 in Dodging
 22099 | Lair:5   | Found a staircase to the Slime Pits.
 22406 | Slime:1  | Entered Level 1 of the Pits of Slime
 22452 | Lair:6   | Entered Level 6 of the Lair of Beasts
 22759 | D:6      | Killed p0werm0de's ghost
 22815 | D:5      | Bought the +0 pair of boots "Pacroun" {rN+} for 172 gold
                  | pieces
 23414 | D:12     | Killed Rupert
 24066 | D:12     | Identified the +5 flail of Internal Strife {vorpal, +Blink
                  | Str+3 Dex+2}
 25051 | D:13     | Noticed Sonja
 25057 | D:13     | Killed Sonja
 25638 | D:13     | Noticed Azrael
 25665 | D:13     | Killed Azrael
 25693 | D:13     | Reached XP level 15. HP: 44/112 MP: 5/26
 27029 | D:13     | Found a gate to the Vaults.
 28030 | D:14     | HP: 4/114 [centaur warrior (5)]
 28032 | D:14     | Elyvilon protects you from harm!
 28510 | D:14     | Paralysed by an ogre mage for 5 turns
 29132 | D:14     | Identified the +7 dire flail "Eviscerator" {drain, rF+ rN+
                  | Int+4}
 29432 | D:14     | Found a sacrificial altar of Ru.
 29594 | D:14     | Learned a level 7 spell: Orb of Destruction
 29868 | D:14     | Noticed a tengu reaver
 30289 | D:14     | Reached skill level 11 in Conjurations
 30406 | D:14     | Elyvilon protects you from harm!
 30896 | Orc:1    | Entered Level 1 of the Orcish Mines
 30896 | Orc:1    | Noticed Erolcha
 30898 | Orc:1    | Pacified Erolcha
 31438 | Orc:2    | Entered Level 2 of the Orcish Mines
 31716 | Orc:2    | Found a staircase to the Elven Halls.
 32050 | Orc:1    | Reached XP level 16. HP: 122/122 MP: 27/27
 32205 | Orc:2    | Reached skill level 12 in Conjurations
 32924 | Orc:2    | Gained mutation: You have an increased reservoir of magic.
                  | (+10% MP) [a neqoxec]
 34655 | Orc:2    | Reached skill level 13 in Conjurations
 35247 | Orc:2    | Found Etui's General Store.
 35248 | Orc:2    | Found Tosa's Jewellery Emporium.
 35250 | Orc:2    | Found Kiraruas's Antique Armour Shoppe.
 35250 | Orc:2    | Found Yjoud's Antique Weapon Shoppe.
 35359 | Orc:2    | Bought an amulet of regeneration for 450 gold pieces
 35380 | Orc:2    | Bought a shimmering cloak for 218 gold pieces
 35380 | Orc:2    | Identified the +1 cloak of Ignis's Hatred {Str+2} (You
                  | bought it in a shop on level 2 of the Orcish Mines)
 35395 | Orc:2    | Bought a heavily runed chain mail for 218 gold pieces
 35395 | Orc:2    | Identified the +6 chain mail of the Cockroach {+Blink Fly
                  | rElec Dex-5} (You bought it in a shop on level 2 of the
                  | Orcish Mines)
 35400 | Orc:2    | Bought a shiny scale mail for 161 gold pieces
 35409 | Orc:2    | Bought a scroll of acquirement for 728 gold pieces
 35410 | Orc:2    | Acquired the amulet "Zeicopips" {RegenMP Will++ rCorr Int+4
                  | Dex+3}
 35428 | Orc:2    | Bought a shiny buckler for 172 gold pieces
 35636 | Lair:5   | Reached skill level 1 in Shields
 36398 | Lair:6   | Reached skill level 10 in Armour
 36847 | Lair:6   | Reached skill level 14 in Conjurations
 37754 | D:14     | Killed a tengu reaver
 37846 | D:15     | Entered Level 15 of the Dungeon
 38181 | D:15     | Reached XP level 17. HP: 43/127 MP: 28/31
 38496 | D:15     | Found a staircase to the Depths.
 39504 | Depths:1 | Entered Level 1 of the Depths
 39626 | Depths:1 | Found a gateway to Hell.
 39626 | Depths:1 | Noticed a hellephant
 39626 | Depths:1 | Noticed a hellephant
 39626 | Depths:1 | Noticed a hellephant
 39626 | Depths:1 | Noticed a hellephant
 39902 | Spider:1 | Entered Level 1 of the Spider Nest
 40170 | Spider:1 | Reached skill level 15 in Conjurations
 41704 | Spider:2 | Noticed Arachne
 42095 | Spider:1 | Paralysed by a jorogumo for 1 turns
 42138 | Spider:1 | Reached skill level 16 in Conjurations
 42419 | Spider:1 | Killed Arachne
 42550 | Spider:1 | Reached skill level 1 in Poison Magic
 42713 | Spider:1 | Reached XP level 18. HP: 123/134 MP: 32/32
 43293 | Spider:2 | Reached skill level 5 in Poison Magic
 43670 | Spider:3 | Upgraded the game from 0.28-a0-1404-g4df0f3684d to
                  | 0.28-a0-1412-gf95308ed99
 44401 | Spider:3 | Found a frozen archway.
 44407 | IceCv    | Entered an ice cave
 44427 | IceCv    | Annihilated by an entropy weaver simulacrum

Illustrated notes

Levels and vault maps discovered:
D:1:      sevenhm_arrival_forest_fort_large_2, layout_loops_cross,
          shapermc_ecumenical_altar_venn
D:2:      layout_rooms, serial_forest, infiniplex_forest_lined_2,
          infiniplex_forest_fountain, infiniplex_forest_clump_medium,
          infiniplex_forest_straight_3, infiniplex_forest_end_2,
          infiniplex_forest_3_way, infiniplex_forest_end_1,
          minmay_misc_feat_tower, uniq_sigmund
D:3:      layout_basic, mainiacjoe_overflow_small_starburst
D:4:      layout_loops_cross, grunt_qazlal_sundering,
          minmay_temple_entry_slanted, serial_shops, nicolae_lakefront_shop,
          grunt_decor_clamped, uniq_pikel
D:5:      layout_basic, nicolae_wu_jian_wuxing_cycle,
          chequers_temple_overflow_statue_of_worship, mrwooster_statue_mirror,
          nicolae_take_the_stairs
D:6:      layout_basic, hellmonk_ghost_happy_afterlife, minivault_1,
          uniq_duvessa
D:7:      layout_rooms, nicolae_ossuary_entry_ruins, uniq_maggie
D:8:      layout_cave_pools, nicolae_vehumet_altar_sigil, lair_entry_dummy
D:9:      layout_grid_maze, kennysheep_mini_moat, uniq_joseph, uniq_erica,
          uniq_gastronok, uniq_harold
D:10:     layout_rooms, mainiacjoe_overflow_tiny_flanked, lemuel_round_altar,
          nicolae_ashenzari_panopticon, chequers_serial_rivers_micro_a
D:11:     layout_irregular_city, minmay_orc_entry_temple_small,
          corexii_leaking_fountain, hangedman_decor_slide_cut, st_stairs_8,
          minmay_misc_feat_ornament, eino_jars, uniq_josephine
D:12:     layout_small_grid, hangedman_cracks_in_the_wall, uniq_rupert
D:13:     layout_basic, grunt_vaults_entry_fortified, uniq_sonja, uniq_azrael
D:14:     minmay_the_grid_square_5x5_4x4_mashed
          [minmay_the_grid_square_5x5_pentomino_r,
          minmay_the_grid_square_5x5_bite, minmay_the_grid_square_5x5_comb,
          minmay_the_grid_square_5x5_checkered_statues,
          minmay_the_grid_square_5x5_inverted_slash,
          minmay_the_grid_square_5x5_prize_monsterx,
          minmay_the_grid_square_5x5_prize_rear_guard,
          minmay_the_grid_square_5x5_six_small,
          minmay_the_grid_square_5x5_three_walls,
          minmay_the_grid_square_5x5_prize_snowflake,
          minmay_the_grid_square_5x5_prize_waves,
          minmay_the_grid_square_5x5_forky, minmay_the_grid_square_5x5_c,
          minmay_the_grid_square_5x5_one_wall, minmay_the_grid_square_5x5_lines,
          minmay_the_grid_square_5x5_checkered_sparse], layout_loops_ring,
          hangedman_ru_absence
D:15:     grunt_enter_depths_giant_problem, layout_stronghold, dk_noncrumbling_2
Temple:   kb_corrupted_temple
Lair:1:   layout_loops_ring, lemuel_fruit_fields, infiniplex_staircase_pool_2
Lair:2:   layout_roguey, spider_nest_entry_web_field, minivault_23,
          patterned_corridor
Lair:3:   layout_hall_layers, special_room, grunt_megastairs_1,
          serial_bayou_shore_a
Lair:4:   layout_regular_city, minmay_swamp_entry_worms,
          kennysheep_basilisk_garden, grunt_megastairs_3, lemuel_fruit_fields,
          lemuel_fruit_fields, serial_bayou_shore_b, lemuel_fruit_fields,
          uniq_urug, uniq_kirke, uniq_snorg
Lair:5:   layout_roguey, dpeg_slime_entry_corner
Lair:6:   evilmike_catoblepas_cave, layout_gridlike,
          chequers_serial_rivers_large_b, nicolae_lair_grove_arrangements
Spider:1: layout_chambers
Spider:2: layout_spider_delve, uniq_arachne
Spider:3: layout_chambers, portal_ice_cave_entry_pillars_four,
          nicolae_spider_swamp_cousins
Slime:1:  cheibrodos_slime_lost_civilization_9, layout_caves,
          cheibrodos_slime_lost_civilization_5
Orc:1:    layout_caves, basic_altar, uniq_erolcha
Orc:2:    st_orc_congregation, layout_diamond_mine
Depths:1: layout_gridlike, grunt_hell_horde, hangedman_abyss_or_decor_passed,
          tso_altar
IceCv:    ice_cave_hellmonk_azure_passage

Skill      XL: |  1  2  3  4  5  6  7  8  9 10 11 12 13 14 15 16 17 18 |
---------------+-------------------------------------------------------+-----
Fighting       | 2 4 5 6 8 9 |  9.9
Armour         | 3 4 5 8 9 11 13 | 13.4
Dodging        | 2 4 7 8 |  8.7
Maces & Flails | 4 |  4.0
Staves         | 4 6 9 11 | 11.7
Evocations     | 5 6 8 9 10 | 10.0
Invocations    | 3 5 8 15 | 15.0
Spellcasting   | 1 |  1.0
Conjurations   | 9 10 11 14 16 | 16.1
Translocations | 4 |  4.0
Shields        | 4 |  4.0
Poison Magic   | 2 7 |  7.0
Stealth        | |  1.0

Action                   |  1- 3 |  4- 6 |  7- 9 | 10-12 | 13-15 | 16-18 || total
-------------------------+-------+-------+-------+-------+-------+-------++-------
Melee: Club              |    56 |       |       |       |       |       ||    56
       Mace              |     9 |       |       |       |       |       ||     9
       Whip              |     4 |     5 |       |       |   680 |       ||   689
       Scythe            |       |    81 |    89 |       |       |       ||   170
       Quarterstaff      |       |       |   233 |   501 |    40 |       ||   774
       Flail             |       |       |       |       |   365 |       ||   365
       Staff             |       |       |       |       |   246 |  1662 ||  1908
Throw: Dart              |       |       |     1 |     3 |    39 |    10 ||    53
       Throwing net      |       |       |       |    11 |       |       ||    11
 Cast: Iskenderun's Myst |       |       |       |       |     5 |     2 ||     7
Invok: Heal Self         |       |       |       |    19 |    10 |     5 ||    34
       Heal Other        |       |       |       |     6 |    25 |    28 ||    59
       Purification      |       |       |       |       |    17 |     7 ||    24
Evoke: Piece from Xom's  |    16 |       |     2 |    10 |    20 |    24 ||    72
       Wand              |     9 |       |     6 |    65 |    18 |    11 ||   109
       Phantom mirror    |       |       |       |       |     2 |     3 ||     5
       Tin of tremorston |       |       |       |       |     2 |     3 ||     5
       Box of beasts     |       |       |       |       |       |     3 ||     3
  Use: Scroll            |     1 |     4 |     9 |     6 |    14 |     7 ||    41
       Potion            |       |       |     3 |       |    15 |     5 ||    23
 Stab: Petrified         |    13 |       |     5 |       |       |    18 ||    36
       Sleeping          |     4 |       |     4 |       |     2 |       ||    10
       Paralysed         |     3 |       |       |       |    13 |    13 ||    29
       Petrifying        |     1 |       |       |       |       |       ||     1
       Betrayed ally     |     1 |       |       |       |       |       ||     1
       Distracted        |       |       |     1 |     1 |     2 |     2 ||     6
       Held in net/web   |       |       |       |    12 |       |       ||    12
       Confused          |       |       |       |       |     5 |     3 ||     8
Armor: Leather armour    |    14 |       |       |       |       |       ||    14
       Scale mail        |       |    41 |    47 |       |       |       ||    88
       Robe              |       |       |    65 |   100 |   106 |       ||   271
       Acid dragon scale |       |       |       |       |    97 |    19 ||   116
       Chain mail        |       |       |       |       |       |   568 ||   568
Dodge: Dodged            |    44 |    54 |   218 |   270 |   642 |   775 ||  2003
Block: Other             |       |       |    29 |    77 |     5 |       ||   111
       Reflection        |       |       |       |     1 |    11 |    10 ||    22
       Orb               |       |       |       |       |   186 |    32 ||   218
       Buckler           |       |       |       |       |       |   380 ||   380

Table legend: (Time is in decaauts)
 A = Elapsed time spent in this place.
 B = Non-inter-level travel time spent in this place.
 C = Inter-level travel time spent in this place.
 D = Time resting spent in this place.
 E = Time spent auto-exploring this place.
 F = Levels seen in this place.
 G = Mean time per level.
                   A        B        C        D        E       F      G
               +--------+--------+--------+--------+--------+-----+--------+
         Total |  44576 |  42387 |   2189 |  13540 |  18125 |  31 | 1437.9 |
       Dungeon |  24599 |  23370 |   1229 |   8418 |   9734 |  15 | 1639.9 |
        Temple |    225 |    209 |     16 |      0 |    163 |   1 |  225.0 |
          Lair |  10737 |  10073 |    664 |   2199 |   5475 |   6 | 1789.5 |
   Spider Nest |   4195 |   4138 |     57 |   1418 |   1186 |   3 | 1398.3 |
    Slime Pits |      1 |      1 |      0 |      0 |      0 |   1 |    1.0 |
  Orcish Mines |   4262 |   4041 |    221 |   1493 |   1306 |   2 | 2131.0 |
        Depths |    161 |    161 |      0 |      0 |    116 |   1 |  161.0 |
       Ossuary |    374 |    374 |      0 |      0 |    144 |   1 |  374.0 |
      Ice Cave |     18 |     18 |      0 |     12 |      0 |   1 |   18.0 |
               +--------+--------+--------+--------+--------+-----+--------+

Top non-repeatable levels by time:
    D:13: 3279 daAuts
    D:14: 3097 daAuts
   Orc:2: 2845 daAuts
Spider:1: 2782 daAuts
    D:11: 2776 daAuts
    D:12: 2289 daAuts
     D:9: 2183 daAuts
  Lair:3: 2105 daAuts
  Lair:1: 1981 daAuts
  Lair:5: 1769 daAuts
  Lair:2: 1724 daAuts
  Lair:6: 1658 daAuts
    D:15: 1605 daAuts
  Lair:4: 1497 daAuts
     D:1: 1484 daAuts
